AoeStats
← 啊超

African Clearing

505259353Analyzed
3v3 RM · 23d ago on Sep 8, 2026· 73m 32s· 6 players
Game mode
Random Map
Map size
Normal (6 player)
Population
200
Speed
Normal
Resources
Standard
Victory
Conquest
Starting age
Dark Age
Ending age
Imperial Age
RankedLock teamsTeams togetherTeam positionsShared explorationLock speedFull tech treeHidden civsTurbo modeCheats
Victory
Defeat
🇨🇳 Spanish · China
1236
+15
🇨🇳 Teutons · China
1143
+19
🇨🇳 Berbers · China
1056
+22
🇨🇱 Persians · Chile
1308
-22
🇨🇱 Wei · Chile
1219
-19
🇨🇱 Bulgarians · Chile
1104
-15
啊超
5:43 Loom
14:43 Feudal Age
21:42 Castle Age
21:00 Bloodlines
22:36 Double-Bit Axe
23:45 Fletching
23:56 Padded Archer Armor
25:12 Horse Collar
25:52 Bow Saw
26:06 Leather Archer Armor
28:16 Bodkin Arrow
30:57 Kasbah
31:08 Gold Mining
31:48 Ballistics
37:50 Imperial Age
35:58 Forging
38:59 Iron Casting
38:30 Scale Barding Armor
39:56 Pikeman
40:12 Heavy Camel Rider
41:12 Maghrebi Camels
41:50 Elite Camel Archer
44:29 Chemistry
43:41 Fortified Wall
44:47 Wheelbarrow
45:24 Husbandry
46:25 Bracer
46:34 Squires
47:02 Conscription
50:54 Blast Furnace
50:15 Chain Barding Armor
51:49 Ring Archer Armor
53:46 Plate Barding Armor
56:46 Scale Mail Armor
56:10 Light Cavalry
56:55 Treadmill Crane
57:01 Heavy Cavalry Archer
62:40 Gold Shaft Mining
63:03 Hussar
66:04 Stone Mining
西装老头
14:23 Feudal Age
20:05 Castle Age
26:46 Town Watch
27:37 Horse Collar
30:37 Wheelbarrow
34:45 Imperial Age
32:47 Bloodlines
34:47 Forging
34:43 Scale Barding Armor
34:42 Gold Mining
36:16 Conscription
37:35 Chemistry
37:08 Town Patrol
38:03 Iron Casting
38:01 Masonry
39:59 Blast Furnace
39:01 Scale Mail Armor
40:48 Squires
41:47 Hand Cart
42:32 Hand Cart
54:34 Pikeman
57:57 Coinage
58:32 Halberdier
61:45 Chain Mail Armor
64:02 Double-Bit Axe
70:25 Heavy Plow
73:35 Plate Mail Armor
LY
3:37 Loom
4:31 Loom
12:52 Feudal Age
17:11 Castle Age
18:44 Double-Bit Axe
22:17 Fletching
26:26 Horse Collar
26:18 Man-at-Arms
27:07 Town Watch
29:42 Bloodlines
30:58 Bodkin Arrow
31:16 Husbandry
31:32 Gold Mining
33:47 Heavy Plow
35:31 Bow Saw
35:59 Wheelbarrow
36:15 Padded Archer Armor
37:52 Leather Archer Armor
38:57 Stone Mining
41:41 Ballistics
44:51 Imperial Age
45:16 Forging
44:56 Cavalier
45:42 Scale Barding Armor
46:01 Conscription
45:52 Scale Barding Armor
47:09 Iron Casting
48:19 Chain Barding Armor
49:04 Blast Furnace
48:01 Paladin
48:22 Light Cavalry
48:57 Hussar
51:00 Two-Man Saw
51:15 Hand Cart
53:02 Stone Shaft Mining
53:18 Plate Barding Armor
57:45 Chemistry
56:30 Arrowslits
57:49 Elite Conquistador
59:03 Ring Archer Armor
58:33 Bracer
58:46 Bracer
64:22 Herbal Medicine
64:39 Fervor
65:06 Town Patrol
cavidal1
3:46 Loom
13:29 Feudal Age
18:07 Castle Age
17:07 Double-Bit Axe
23:58 Scale Barding Armor
24:55 Husbandry
27:09 Bloodlines
31:41 Wheelbarrow
34:39 Imperial Age
32:51 Gold Mining
33:53 Hand Cart
34:18 Heavy Camel Rider
35:16 Forging
35:21 Town Watch
37:11 Horse Collar
39:17 Chain Barding Armor
40:33 Plate Barding Armor
40:54 Gold Shaft Mining
41:19 Iron Casting
41:32 Heavy Scorpion
43:30 Ballistics
44:56 Masonry
45:25 Town Patrol
47:29 Blast Furnace
46:38 Stone Mining
48:28 Chemistry
46:59 Capped Ram
48:33 Coinage
49:00 Architecture
50:00 Bow Saw
49:53 Heavy Plow
51:28 Siege Ram
56:41 Banking
58:48 Citadels
58:32 Fletching
64:52 Bodkin Arrow
67:12 Murder Holes
71:51 Crop Rotation
72:23 Two-Man Saw
Xavier
12:38 Loom
15:18 Feudal Age
18:22 Town Watch
21:10 Castle Age
19:11 Double-Bit Axe
21:25 Elite Skirmisher
22:08 Fletching
22:31 Bodkin Arrow
22:55 Padded Archer Armor
27:24 Bow Saw
30:10 Guard Tower
31:37 Horse Collar
41:22 Wheelbarrow
42:31 Masonry
42:55 Scale Barding Armor
43:02 Forging
43:44 Chain Barding Armor
45:44 Iron Casting
47:54 Pikeman
48:37 Tuntian
49:50 Scale Mail Armor
53:21 Imperial Age
52:30 Chain Mail Armor
55:09 Blast Furnace
55:44 Conscription
55:22 Halberdier
56:46 Ming Guang Armor
58:54 Bracer
59:59 Squires
61:18 Chemistry
64:25 Thumb Ring
66:07 Ballistics
68:25 Leather Archer Armor
68:13 Elite Tiger Cavalry
69:26 Ring Archer Armor
Buforbotzo
3:42 Loom
16:23 Feudal Age
17:42 Wheelbarrow
17:00 Gold Mining
16:51 Horse Collar
19:04 Forging
19:07 Scale Barding Armor
19:01 Stone Mining
19:01 Town Watch
19:35 Arson
22:32 Bloodlines
23:58 Fletching
27:56 Castle Age
28:25 Light Cavalry
29:08 Husbandry
30:08 Chain Barding Armor
29:58 Gambesons
30:15 Squires
35:30 Iron Casting
43:49 Scale Mail Armor
46:57 Imperial Age
48:29 Capped Ram
52:54 Chain Mail Armor
52:41 Pikeman
Connection lost

Rejoining the realm…

Still unreachable

The connection could not be restored.

Session expired

The server has moved on; the page needs a fresh start.